 Dungeon Crawl Stone Soup version 0.27.1-34-g3ba077fa99 (webtiles) character file.

Game seed: 13990325610911027809

45 Descartes the Grasshopper (level 3, -6/27 HPs)
             Began as a Formicid Warper on Jan 17, 2022.
             Killed by divine providence
             ... invoked by an orc priest
              (9 damage)
             ... on level 2 of the Dungeon.
             The game lasted 00:01:30 (1344 turns).

Descartes the Grasshopper (Formicid Warper)         Turns: 1344, Time: 00:01:31

Health: -6/27      AC:  4    Str: 16    XL:     3   Next: 90%
Magic:  6/6        EV: 11    Int: 12    God:
Gold:   39         SH:  0    Dex: 10    Spells: 6/6 levels left

rFire    . . .     SeeInvis +   a - +0 mace
rCold    . . .     Faith    .   (no shield)
rNeg     . . .     Spirit   .   b - +0 leather armour
rPois    .         Reflect  .   (helmet unavailable)
rElec    .         Harm     .   (no cloak)
rCorr    .         Rampage  .   i - +0 pair of gloves
Will     .....                  (no boots)
Stlth    ..........             (no amulet)
HPRegen  0.09/turn              (no ring)
MPRegen  0.10/turn              (no ring)

@: confused
A: permanent stasis, dig shafts and tunnels, antennae 3, four strong arms
a: Dig, Shaft Self


You were on level 2 of the Dungeon.
You visited 1 branch of the dungeon, and saw 2 of its levels.

You collected 39 gold pieces.

Inventory:

Hand Weapons
 a - a +0 mace (weapon)
Missiles
 c - 5 boomerangs of dispersal (quivered)
 e - 33 stones
Armour
 b - a +0 leather armour (worn)
 i - a +0 pair of gloves (worn)
Scrolls
 d - 5 scrolls of identify {unknown}
 h - a scroll of teleportation {unknown}
 j - a scroll of summoning {unknown}
 k - a scroll of amnesia {unknown}
Potions
 f - a potion of berserk rage {unknown}
 g - a potion of invisibility {unknown}


   Skills:
 - Level 2.1 Fighting
 - Level 2.0 Maces & Flails
 - Level 1.0 Throwing
 + Level 2.7 Armour
 - Level 1.7 Dodging
 - Level 2.1 Spellcasting
 + Level 3.4 Translocations


You had 6 spell levels left.
You didn't know any spells.
Your spell library contained the following spells:

 Spells                   Type           Power      Damage    Failure   Level
 Apportation              Tloc           18%        N/A       8%          1
 Gell's Gravitas          Tloc           4%         N/A       22%         3
 Lesser Beckoning         Tloc           4%         N/A       22%         3
 Teleport Other           Tloc           9%         N/A       22%         3
 Animate Skeleton         Necr           2%         N/A       32%         1
 Corona                   Hex            1%         N/A       32%         1
 Summon Small Mammal      Summ           4%         N/A       32%         1
 Manifold Assault         Tloc           9%         N/A       91%         5
 Blink                    Tloc           Unusable   N/A       N/A         2

Dungeon Overview and Level Annotations

Branches:
Dungeon (2/15)

Altars:
Okawaru


Innate Abilities, Weirdness & Mutations

You cannot be hasted, slowed, berserked, paralysed or teleported.
You can dig through walls and to a lower floor.
You have a pair of large antennae on your head. (SInv)
Your four strong arms can wield two-handed weapons with a shield.


Message History

You are too injured to fight recklessly!
You are too injured to fight recklessly!
You are too injured to fight recklessly!
You are too injured to fight recklessly!
You are too injured to fight recklessly!
You are too injured to fight recklessly!
You are too injured to fight recklessly!
You are too injured to fight recklessly!
You are too injured to fight recklessly!
You are too injured to fight recklessly!
You are too injured to fight recklessly!
You barely miss the orc priest.
The orc priest is almost dead.
The orc priest completely misses you.
You sock the orc priest!
You kill the orc priest!
The orc wizard hits you but does no damage.
The orc wizard barely misses you.
You have reached level 3!
Your experience leads to an increase in your attributes!
Increase (S)trength, (I)ntelligence, or (D)exterity?
You feel stronger.
The orc priest calls down the wrath of Beogh upon you.
The orc wizard writhes in agony.
The orc priest looks satisfied for a moment.
The orc wizard points at you and mumbles some strange words.
You are confused.
You bump into the rock wall.
The orc priest mumbles some strange prayers to Beogh against you.
The orc wizard writhes in agony.
You miss the orc wizard.
The orc wizard is moderately wounded.
The orc wizard closely misses you.
You sock the orc wizard!
The orc wizard is severely wounded.
The orc wizard hits you with a +0 dagger.
* * * LOW HITPOINT WARNING * * *
The orc priest calls down the wrath of Beogh upon you.
Beogh smites you!
You die...

..# #..#
###.#####..#
#........#
########.#
#.# #.#
####.#
#....#
#@#### #o#
#.# #o# #o#
#.# #.#
#...o..)#
#.#######


You could see an orc priest, an orc wizard (invisible) and an orc.

Vanquished Creatures
  An orc priest (D:2)
  3 endoplasms
  4 jackals (D:1)
  2 ball pythons (D:1)
  A bat (D:1)
  A frilled lizard (D:1)
  2 goblins (D:1)
  A kobold (D:1)
  A rat (D:1)
16 creatures vanquished.

Notes
Turn   | Place    | Note
-------+----------+-------------------------------------------
     0 | D:1      | Descartes the Formicid Warper began the quest for the Orb.
     0 | D:1      | Reached XP level 1. HP: 16/16 MP: 3/3
   500 | D:1      | Reached XP level 2. HP: 22/22 MP: 5/5
   547 | D:1      | Found a faded altar of an unknown god.
   591 | D:1      | Became a worshipper of Warmaster Okawaru
   591 | D:1      | Reached * piety under Okawaru
   788 | D:1      | Fell from the grace of Okawaru
   801 | D:1      | Reached skill level 3 in Translocations
  1336 | D:2      | Reached XP level 3. HP: 4/27 MP: 6/6
  1344 | D:2      | Killed from afar by an orc priest

Illustrated notes

Levels and vault maps discovered:
D:1:      dpeg_arrival_line_fractal, layout_basic,
          ebering_ecumenical_altar_abandoned
D:2:      layout_basic, minmay_3d_cube

Skill      XL: |  1  2 |
---------------+-------+-----
Translocations | 3 |  3.4
Armour         | 2 |  2.7
Fighting       | |  2.1
Maces & Flails | |  2.0
Throwing       | |  1.0
Dodging        | |  1.7
Spellcasting   | |  2.1

Action                   || total
-------------------------++-------
Melee: Mace              ||    56
Invok: Renounce Religion ||     1
Armor: Leather armour    ||    29
Dodge: Dodged            ||    57
